 Dungeon Crawl Stone Soup version 0.31-a0-237-g2d982f9f85 (webtiles) character file.

Game seed: 2879666884748344282

121 qw the Shooter (level 5, 0/30 HPs)
             Began as a Gargoyle Hexslinger on July 10, 2023.
             Slain by a hell rat (7 damage)
             ... in a sewer.
             The game lasted 00:00:50 (1396 turns).

qw the Shooter (Gargoyle Hexslinger)                Turns: 1396, Time: 00:00:50

Health: 0/30       AC:  8    Str: 11    XL:     5   Next: 5%
Magic:  6/6        EV: 11    Int: 14    God:
Gold:   73         SH:  0    Dex: 14    Spells: 5/6 levels left

rFire   . . .        Y - +2 sling
rCold   . . .        (no shield)
rNeg    + . .        b - +0 leather armour
rPois   inf          (no helmet)
rElec   +            (no cloak)
rCorr   .            h - +0 pair of gloves
SInv    .            (no boots)
Will    .....        (no amulet)
Stlth   +            (no ring)
HPRegen 0.25/turn    (no ring)
MPRegen 0.10/turn

%: no passive effects
@: no status effects
A: sickness immunity, AC +4, negative energy resistance 1, electricity
resistance, torment resistance 1, petrification resistance
a: no special abilities


You were in a sewer.
You visited 1 branch of the dungeon, and saw 3 of its levels.
You also visited: Sewer.

You collected 73 gold pieces.


Innate Abilities, Weirdness & Mutations

You are immune to sickness and miasma.
Your stone body is resilient. (AC +4)
You are immune to poison.
You resist negative energy. (rN+)
You are resistant to electric shocks. (rElec)
You are resistant to unholy torment.
You are immune to petrification.


   Skills:
 - Level 2.0 Fighting
 + Level 4.8 Ranged Weapons
 - Level 1.5 Dodging
 - Level 1.0 Spellcasting
 - Level 2.6 Hexes


You had 5 spell levels left.
You knew the following spells:

 Your Spells              Type           Power      Damage    Failure   Level
a - Slow                  Hex            32%        N/A       12%         1

Your spell library contained the following spells:

 Spells                   Type           Power      Damage    Failure   Level
 Inner Flame              Hex/Fire       4%         N/A       52%         3
 Portal Projectile        Hex/Tloc       8%         N/A       52%         3
 Cause Fear               Hex            4%         N/A       75%         4

Inventory:

Hand Weapons
 Y - a +2 sling (weapon)
Armour
 b - a +0 leather armour (worn)
 h - a +0 pair of gloves (worn)
Scrolls
 g - a scroll of identify
Potions
 e - 3 potions of resistance
 j - a potion of invisibility {unknown}

Dungeon Overview and Level Annotations

Branches:
Dungeon (3/15)              Sewer (1/1)

Altars:


Message History

You enter the shallow water.
Moving in this stuff is going to be slow.
You see here a rat corpse.
You enter the shallow water.
Moving in this stuff is going to be slow.
You open the door.
A hell rat comes into view.
The hell rat moves out of view.
Found a ring mail, 13 gold pieces, a scroll of poison and a fizzy inky potion.
Found a gate leading back out of this place.
A rat comes into view.
Found a scroll of teleportation, a yellow potion and a fizzy inky potion.
You shoot a sling bullet.
The sling bullet hits the hell rat but does no damage.
You shoot a sling bullet. The sling bullet hits the hell rat.
The hell rat is lightly wounded.
The hell rat bites you!
Ouch! That really hurt!
The hell rat bites you but does no damage.
You shoot a sling bullet.
The sling bullet hits the hell rat but does no damage.
The hell rat is lightly wounded.
The hell rat bites you!
1392 ||| DRINKING potion of heal wounds.
You feel much better. The hell rat bites you! The hell rat misses you.
You shoot a sling bullet.
The sling bullet barely misses the hell rat.
The hell rat bites you.
You shoot a sling bullet. The sling bullet hits the hell rat.
The hell rat is moderately wounded.
The hell rat bites you!
You shoot a sling bullet.
The sling bullet barely misses the hell rat.
The hell rat closely misses you.
The hell rat bites you but does no damage.
You shoot a sling bullet. The sling bullet hits the hell rat.
The hell rat is heavily wounded.
The hell rat bites you!
You die...

#########
###~.~.~.~###
#~~.~r@~~%~~###
..~..##r##.~~.~#
.~~ #~~~###~.~##
~ ~~~~~~ ##~~.# ~
~~.~~~~. #~~~#
.~##.?$[?!~##~.~#
.~~###!\!###..~##
.~.~~#####.~.~~#
#~~~.~\~..~~###


You could see a hell rat and a rat.

Vanquished Creatures
  5 adders
  2 river rats (Sewer)
  A dart slug (D:2)
  5 bats
  5 endoplasms
  4 giant cockroaches
  4 goblins
  5 hobgoblins
  5 kobolds
  4 quokkas
  3 ball pythons (D:1)
  4 frilled lizards
  11 rats
58 creatures vanquished.

Notes
Turn   | Place    | Note
-------+----------+-------------------------------------------
     0 | D:1      | qw the Gargoyle Hexslinger began the quest for the Orb.
     0 | D:1      | Reached XP level 1. HP: 12/12 MP: 2/2
     0 | D:1      | 0 ||| qw: Version: 0.3-a-52-g30416fa
     0 | D:1      | 0 ||| qw: Game counter: 5082
     0 | D:1      | 0 ||| qw: Melee chars always use a shield: true
     0 | D:1      | 0 ||| qw: God list: Okawaru
     0 | D:1      | 0 ||| qw: Allow faded altars: false
     0 | D:1      | 0 ||| qw: Do Orc after clearing Dungeon:15 true
     0 | D:1      | 0 ||| qw: Do second Lair branch before Depths: true
     0 | D:1      | 0 ||| qw: Lair rune preference: random
     0 | D:1      | 0 ||| qw: Goals: Normal
     0 | D:1      | 0 ||| PLANNING D:1-11
   159 | D:1      | Reached XP level 2. HP: 16/16 MP: 3/3
   246 | D:1      | Reached skill level 3 in Ranged Weapons
   383 | D:1      | Reached XP level 3. HP: 20/21 MP: 4/4
   700 | D:1      | 700 ||| UPGRADING to +0 pair of gloves.
   705 | D:1      | 705 ||| READING scroll labelled VASHRO JIVIOF.
   706 | D:1      | 706 ||| READING 3 scrolls labelled SEYWNI DEMEGERCH.
   707 | D:1      | 707 ||| DRINKING 4 lumpy orange potions.
   708 | D:1      | 708 ||| DRINKING 2 puce potions.
   709 | D:1      | 709 ||| DROPPING scroll of poison.
   797 | D:2      | Reached XP level 4. HP: 20/26 MP: 5/5
   930 | D:2      | Reached skill level 4 in Ranged Weapons
  1297 | D:2      | 1297 ||| UPGRADING to +0 leather armour.
  1307 | D:2      | 1307 ||| DROPPING +0 robe.
  1308 | D:2      | 1308 ||| READING scroll labelled ARCHOO WEUST.
  1309 | D:2      | 1309 ||| READING scroll labelled HIAPUPRE SEURPH.
  1310 | D:2      | 1310 ||| READING scroll labelled XIP CUHEUCZODOMO.
  1314 | D:2      | 1314 ||| READING 2 scrolls of identify.
  1314 | D:2      | 1314 ||| IDENTIFYING fuming clear potion
  1315 | D:2      | 1315 ||| DROPPING potion of degeneration.
  1319 | D:3      | 1319 ||| PLANNING SEWER
  1334 | D:3      | Found a glowing drain.
  1346 | Sewer    | Entered a sewer
  1365 | Sewer    | Reached XP level 5. HP: 30/30 MP: 6/6
  1391 | Sewer    | HP: 4/30 [hell rat (11)]
  1392 | Sewer    | 1392 ||| DRINKING potion of heal wounds.
  1396 | Sewer    | Slain by a hell rat

Levels and vault maps discovered:
D:1:      amcnicky_arrival_choice, layout_loops_ring
D:2:      layout_loops_ring
D:3:      layout_rooms, portal_sewer_entry_b
Sewer:    sewer_hellmonk_bad_rat

Skill      XL: |  1  2  3  4 |
---------------+-------------+-----
Ranged Weapons | 3 4 |  4.8
Fighting       | 2 |  2.0
Dodging        | |  1.5
Spellcasting   | |  1.0
Hexes          | |  2.6

Action                     |  1- 3 |  4- 6 || total
---------------------------+-------+-------++-------
   Fire: Sling             |   114 |   112 ||   226
    Use: Scroll            |     2 |     4 ||     6
         Potion            |     2 |     1 ||     3
 Armour: Robe              |    33 |    20 ||    53
         Leather armour    |       |    11 ||    11
  Dodge: Dodged            |    55 |    32 ||    87

Table legend:
 A = Non-vault XP
 B = Vault XP
 C = Vault XP percentage of total XP
 D = Non-vault monster count
 E = Vault monster count
 F = Vault count percentage of total count
                 A         B        C        D         E       F
            +---------+---------+-------+---------+---------+-------
      Total |     125 |      48 |  27.7 |      47 |      11 |  19.0
            +---------+---------+-------+---------+---------+-------
        D:1 |      41 |       0 |   0.0 |      26 |       0 |   0.0
        D:2 |      83 |       0 |   0.0 |      20 |       0 |   0.0
        D:3 |       1 |      19 |  95.0 |       1 |       6 |  85.7
      Sewer |       0 |      29 | 100.0 |       0 |       5 | 100.0
            +---------+---------+-------+---------+---------+-------
